 Dungeon Crawl Stone Soup version 0.27.0-1-g7a089689b8 (webtiles) character file.

Game seed: 408574054950777014

51 Acheron the Skirmisher (level 3, -9/24 HPs)
             Began as a Vine Stalker Wanderer on July 31, 2021.
             Mangled by a gnoll (12 damage)
             ... on level 4 of the Dungeon.
             The game lasted 00:08:20 (1725 turns).

Acheron the Skirmisher (Vine Stalker Wanderer)      Turns: 1725, Time: 00:08:20

Health: -9/24      AC:  2    Str: 11    XL:     3   Next: 81%
Magic:  0/4        EV: 15    Int: 13    God:
Gold:   87         SH:  0    Dex: 16    Spells: 1/2 levels left

rFire    . . .     SeeInvis .   a - +2 dagger
rCold    . . .     Faith    .   (no shield)
rNeg     . . .     Spirit   +   f - +0 robe
rPois    .         Reflect  .   (no helmet)
rElec    .         Harm     .   (no cloak)
rCorr    .         Rampage  .   (no gloves)
Will     .....                  (no boots)
Stlth    ++........             (no amulet)
HPRegen  0.08/turn              m - +4 ring of evasion
MPRegen  0.09/turn              (no ring)

@: no status effects
A: fangs 2, magic shield, antimagic bite, no potion heal 2
a: no special abilities


You were on level 4 of the Dungeon.
You visited 1 branch of the dungeon, and saw 4 of its levels.

You collected 87 gold pieces.

Inventory:

Hand Weapons
 a - a +2 dagger (weapon)
 e - a +0 dagger
 k - a +1 dagger of draining
 q - a +0 hand axe
 t - a +0 trident
Missiles
 d - 10 poisoned darts (quivered)
 p - 5 atropa-tipped darts
Armour
 f - a +0 robe (worn)
Jewellery
 m - a +4 ring of evasion (left hand)
Scrolls
 b - a scroll of blinking
 g - a scroll of noise {unknown}
 h - a scroll of teleportation {unknown}
 j - 2 scrolls of magic mapping {unknown}
 n - a scroll of identify {unknown}
 o - a scroll of acquirement {unknown}
Potions
 c - a potion of curing
 i - 2 potions of invisibility {unknown}
 l - a potion of berserk rage {unknown}
 r - 2 potions of cancellation {unknown}
 s - a potion of attraction {unknown}


   Skills:
 * Level 6.7 Fighting
 * Level 1.0 Short Blades
 * Level 1.2 Throwing
 * Level 0.3 Dodging
 * Level 3.0 Stealth
 * Level 0.3 Spellcasting


You had one spell level left.
You knew the following spells:

 Your Spells              Type           Power      Damage    Failure   Level
a - Summon Small Mammal   Summ           0%         N/A       30%         1

Your spell library contained the following spells:

 Spells                   Type           Power      Damage    Failure   Level
 Call Canine Familiar     Summ           0%         N/A       65%         3
 Summon Guardian Golem    Hex/Summ       0%         N/A       65%         3


Dungeon Overview and Level Annotations

Branches:
Dungeon (4/15)
 Temple: D:4-7

Altars:

Annotations:
D:1 exclusion: downstairs
D:2 Sigmund


Innate Abilities, Weirdness & Mutations

You have extremely sharp teeth.
When hurt, damage is shared between your health and your magic reserves.
Your bite disrupts and absorbs the magic of your enemies.
Potions cannot restore your health.


Message History

Your Stealth skill increases to level 3!
You see here a jackal corpse.
Things that are here:
a +0 trident; 25 stones
t - a +0 trident You start resting.
A gnoll shaman comes into view. It is wielding a +0 whip.
Throw: 11 darts (poison)
Press: ? - help, Q - select action, (/) - cycle Shift-Dir - straight line, f - gnoll shaman
Aim: a gnoll shaman, wielding a +0 whip and wearing a +0 robe (66% to hit)
You throw a poisoned dart.
The poisoned dart hits the gnoll shaman.
The gnoll shaman is poisoned.
You hit the gnoll shaman.
The gnoll shaman is lightly wounded.
The gnoll shaman barely misses you.
A gnoll comes into view. It is wielding a +0 whip.
You barely miss the gnoll shaman. You bite the gnoll shaman.
You drain its power.
The gnoll shaman is lightly wounded.
The gnoll shaman calls upon its god to speed up the gnoll.
The gnoll seems to speed up.
You hear a shout! x3
You hit the gnoll shaman but do no damage.
Your bite misses the gnoll shaman.
The gnoll shaman is moderately wounded.
The gnoll shaman hits you with a +0 whip!
You see here a jackal corpse. 2 gnolls come into view.
The gnoll shouts! x2
The gnoll shaman looks more healthy.
The gnoll shouts!
There is an open door here.
The gnoll hits you from afar with a +0 halberd.
The gnoll closely misses you.
The gnoll hits you from afar with a +0 halberd!
* * * LOW HITPOINT WARNING * * *
The gnoll hits you from afar with a +0 halberd!
Ouch! That really hurt!
You die...

#......######...
#......#.....†..
#....†g'........
####g#####(.......
#.................
+.gg......########
#..gg.....#
#...g.....+
#@........#### #
#.).......#...####
......##'##..(....
.......#... .K..S
........# ....
.........# #>.
#####.....#
...##.. #......
....... .......


You could see a gnoll shaman and 5 gnolls.

Vanquished Creatures
  2 worms (D:2)
  3 dart slugs
  An orc (D:3)
  2 endoplasms
  2 giant cockroaches
  3 goblins
  5 hobgoblins
  2 jackals (D:4)
  2 quokkas
  4 ball pythons
  3 bats (D:1)
  3 kobolds
  A rat (D:1)
33 creatures vanquished.

Notes
Turn   | Place    | Note
-------+----------+-------------------------------------------
     0 | D:1      | Acheron the Vine Stalker Wanderer began the quest for the
                  | Orb.
     0 | D:1      | Acheron set off with the following items: a +2 dagger, a
                  | scroll of blinking, a potion of curing, 12 poisoned darts,
                  | a +0 dagger, a +0 robe
     0 | D:1      | Reached XP level 1. HP: 16/16 MP: 2/2
   276 | D:1      | Reached XP level 2. HP: 16/20 MP: 1/3
   695 | D:2      | Learned a level 1 spell: Summon Small Mammal
   819 | D:2      | Noticed Sigmund
  1102 | D:2      | Reached XP level 3. HP: 17/24 MP: 4/4
  1659 | D:4      | Reached skill level 1 in Short Blades
  1725 | D:4      | Mangled by a gnoll

Illustrated notes

Levels and vault maps discovered:
D:1:      sevenhm_arrival_forest_fort_small_3, layout_loops_ring,
          glass_columns_b
D:2:      minmay_angry_zag, layout_loops_ring, chequers_serial_rivers_small_a,
          uniq_terence, uniq_sigmund
D:3:      layout_loops_ring, uniq_grinder
D:4:      layout_gridville, uniq_crazy_yiuf_cottage

Skill      XL: |  1  2  3 |
---------------+----------+-----
Short Blades   | 1 |  1.0
Stealth        | 3 |  3.0
Fighting       | |  6.7
Throwing       | |  1.2
Dodging        | |  0.3
Spellcasting   | |  0.3

Action                   || total
-------------------------++-------
Melee: Dagger            ||    92
       Bite              ||    32
Throw: Dart              ||     3
 Cast: Summon Small Mamm ||     1
 Stab: Sleeping          ||     9
Armor: Robe              ||    13
Dodge: Dodged            ||    52
